[Event "Titled Tuesday Blitz November 07 Early 2023"]
[White "TheAlienParty"]
[Black "Manukyan, Sargis V."]
[BlackFideId "13303465"]
[WhiteElo "2228"]
[BlackElo "2457"]
[Result "1-0"]
[Round "5"]
[TimeControl "180+1"]
[Date "2023.11.07"]
[WhiteClock "0:00:07"]
[BlackClock "0:00:11"]
[Board "156"]

1. c4 c5 2. g3 Nc6 3. Bg2 g6 4. Nf3 Bg7 5. Nc3 e5 6. d3 d6 7. O-O Nge7 8. Ne1 Be6 9. Nd5 Qd7 10. Nc2 O-O 11. Rb1 Bh3 12. Bxh3 Qxh3 13. b4 b6 14. b5 Nxd5 15. cxd5 Ne7 16. e4 f5 17. f3 f4 18. Qe1 h5 19. a4 Rae8 20. Qf2 g5 21. Na3 Kh7 22. Nc4 Rf6 23. a5 Rg8 24. axb6 axb6 25. Ra1 Bf8 26. Qg2 Qd7 27. Ra6 g4 28. fxg4 Qxg4 29. Rxb6 fxg3 30. hxg3 Rxf1+ 31. Kxf1 Qd1+ 32. Kf2 Qxc1 33. Rxd6 Qc2+ 34. Kg1 Qxg2+ 35. Kxg2 h4 36. b6 Rxg3+ 37. Kf2 Rxd3 38. b7 Rb3 39. Rb6 Rc3 40. Nxe5 Rc2+ 41. Kf3 h3 42. b8=Q h2 43. Rb1 Bg7 44. Nf7 Ng6 45. Ng5+ Kh6 46. Nf7+ Kh7 47. Qc7 Bd4 48. Rh1 Rf2+ 49. Kg3 Rf6 50. Qd7 Kg8 51. Nh6+ Kf8 52. Kxh2 Be5+ 53. Kg2 Nf4+ 54. Kf1 Nxd5+ 55. Ke2 Nf4+ 56. Ke3 Ng2+ 57. Ke2 Nf4+ 58. Kd2 Rd6+ 59. Qxd6+ Bxd6 60. Nf5 Be5 61. Kc2 Kf7 62. Rh7+ Kf6 63. Rh8 Ne6 64. Rc8 Kg5 65. Kd3 Kf6 66. Ne3 Bd4 67. Nc2 Ke5 68. Re8 Bb2 69. Ne3 Kd6 70. Nc4+ Kd7 71. Rxe6 Kxe6 72. Nxb2 Kd6 73. Nc4+ Ke6 74. Ke3 Ke7 75. Kf4 Kd7 76. e5 Kc6 77. Ke4 Kd7 78. Kf5 Ke7 79. e6 Ke8 80. Ke5 Kd8 81. Kf6 Ke8 82. e7 Kd7 83. Kf7 Kc7 84. e8=Q Kb7 85. Qb5+ Kc7 86. Qxc5+ Kd8 87. Qa7 Kc8 88. Ke6 Kd8 89. Qb8# 1-0


[Site "https://www.chess.com"]

[Event "Titled Tuesday Blitz November 07 Early 2023"]
[White "Jovic, Stanoje"]
[Black "jimmy-schlumpf"]
[WhiteFideId "905020"]
[WhiteElo "2439"]
[BlackElo "2225"]
[Result "1/2-1/2"]
[Round "5"]
[TimeControl "180+1"]
[Date "2023.11.07"]
[WhiteClock "0:00:18"]
[BlackClock "0:00:16"]
[Board "157"]

1. c4 Nf6 2. g3 c6 3. Bg2 d5 4. cxd5 cxd5 5. Nf3 Nc6 6. d4 g6 7. O-O Bg7 8. Nc3 Ne4 9. Ne5 Nxc3 10. bxc3 Nxe5 11. dxe5 O-O 12. f4 e6 13. e4 dxe4 14. Bxe4 Bd7 15. Be3 Bc6 16. Bxc6 bxc6 17. Qxd8 Rfxd8 18. Rfd1 a6 19. a4 Bf8 20. Bb6 Rd5 21. c4 Bc5+ 22. Bxc5 Rxc5 23. Rd4 Rb8 24. Kg2 Rb4 25. a5 Rcxc4 26. Rd8+ Kg7 27. Ra8 Rc2+ 28. Kh3 Rbb2 29. Rh1 Ra2 30. Rxa6 Rc5 31. Kg4 h5+ 32. Kh4 Raxa5 33. Rxa5 Rxa5 34. Rc1 c5 35. Kg5 Ra2 36. h3 Ra3 37. Kh4 Ra5 38. Kg5 Rb5 39. Rc4 Ra5 40. Rc3 Rb5 41. Rc4 Ra5 42. Rc3 Rb5 43. Rc4 1/2-1/2


[Site "https://www.chess.com"]

[Event "Titled Tuesday Blitz November 07 Early 2023"]
[White "Skibbe, Willi"]
[Black "Herman, Daniel"]
[WhiteFideId "4682190"]
[BlackFideId "30935008"]
[WhiteElo "2182"]
[BlackElo "2436"]
[Result "0-1"]
[Round "5"]
[TimeControl "180+1"]
[Date "2023.11.07"]
[WhiteClock "0:00:09"]
[BlackClock "0:00:15"]
[Board "158"]

1. e4 Nf6 2. e5 Nd5 3. c4 Nb6 4. d4 d6 5. f4 dxe5 6. fxe5 Bf5 7. Be3 e6 8. Nc3 Bb4 9. Nf3 Nc6 10. a3 Bxc3+ 11. bxc3 O-O 12. Be2 Na5 13. Nd2 c5 14. O-O Rc8 15. Rc1 Bg6 16. Qe1 Nc6 17. Qf2 Na4 18. Bf3 cxd4 19. cxd4 Nb2 20. Rc3 Qa5 21. Ne4 Bxe4 22. Qxb2 Bxf3 23. Rxf3 Ne7 24. Bg5 Nf5 25. Rb3 Rxc4 26. Bd2 Qd5 27. Rxb7 Nxd4 28. Rf1 Rc2 29. Rbxf7 Rfc8 30. Qb4 h6 31. Rf8+ Rxf8 32. Qxf8+ Kh7 33. Bxh6 Qxg2# 0-1


[Site "https://www.chess.com"]

[Event "Titled Tuesday Blitz November 07 Early 2023"]
[White "ssgm49"]
[Black "FuenfgegenWilly"]
[WhiteElo "2102"]
[BlackElo "2403"]
[Result "1-0"]
[Round "5"]
[TimeControl "180+1"]
[Date "2023.11.07"]
[WhiteClock "0:01:08"]
[BlackClock "0:01:11"]
[Board "159"]

1. e4 c5 2. Nf3 e6 3. b3 b6 4. Bb2 Bb7 5. Nc3 Nc6 6. d4 cxd4 7. Nxd4 Nf6 8. Nxc6 Bxc6 9. Bd3 Qc7 10. Qe2 Bb4 11. O-O e5 12. Nd5 Bxd5 13. exd5 d6 14. c3 Bxc3 15. Rfc1 Nxd5 16. Qe4 Bxb2 17. Rxc7 Nxc7 18. Qc6+ Kf8 19. Rb1 Ba3 20. Qxc7 h5 21. Bc4 1-0


[Site "https://www.chess.com"]

[Event "Titled Tuesday Blitz November 07 Early 2023"]
[White "Mirza, Diana"]
[Black "Muhammad Shahzeb"]
[WhiteFideId "2503999"]
[BlackFideId "7804806"]
[WhiteElo "1981"]
[BlackElo "2402"]
[Result "0-1"]
[Round "5"]
[TimeControl "180+1"]
[Date "2023.11.07"]
[WhiteClock "0:00:42"]
[BlackClock "0:00:36"]
[Board "160"]

1. e4 d5 2. exd5 Nf6 3. d4 Nxd5 4. c4 Nb6 5. Nc3 e5 6. d5 Bb4 7. Bd3 O-O 8. Ne2 f5 9. Qb3 Na6 10. O-O Bd6 11. Bd2 Nc5 12. Qc2 e4 13. Nxe4 fxe4 14. Bxe4 Nxe4 15. Qxe4 Bf5 16. Qd4 Nd7 17. Ng3 Qf6 18. Nxf5 Qxf5 19. f4 Bc5 0-1


[Site "https://www.chess.com"]

[Event "Titled Tuesday Blitz November 07 Early 2023"]
[White "Fernandez Sanchez, Mario Andres"]
[Black "Hambleton, Aman"]
[WhiteFideId "6501621"]
[BlackFideId "2606577"]
[WhiteElo "2095"]
[BlackElo "2736"]
[Result "0-1"]
[Round "5"]
[TimeControl "180+1"]
[Date "2023.11.07"]
[WhiteClock "0:00:32"]
[BlackClock "0:00:25"]
[Board "161"]

1. d4 e5 2. dxe5 Nc6 3. Nf3 Qe7 4. Nc3 Nxe5 5. Nxe5 Qxe5 6. g3 Bc5 7. Bg2 d6 8. O-O Nf6 9. e4 O-O 10. Bf4 Qh5 11. Qxh5 Nxh5 12. Bg5 h6 13. Bd2 Nf6 14. Rae1 Re8 15. h3 Bd7 16. Kh2 Bc6 17. f3 Rad8 18. a3 a6 19. Be3 Bxe3 20. Rxe3 d5 21. Rd1 dxe4 22. Rxd8 Rxd8 23. fxe4 Rd2 24. Re2 Rxe2 25. Nxe2 Bxe4 26. g4 Kf8 27. Nc3 Bxg2 28. Kxg2 Ke7 29. Kf3 Ke6 30. Ne2 Ke5 31. c3 Ne4 32. Nf4 Nd2+ 33. Kg3 Ke4 34. a4 Nf1+ 35. Kf2 Kxf4 36. Kxf1 Kg3 37. g5 hxg5 0-1


[Site "https://www.chess.com"]

[Event "Titled Tuesday Blitz November 07 Early 2023"]
[White "Zavgorodniy, Sergiy"]
[Black "Juicy_Fork"]
[WhiteFideId "14110148"]
[WhiteElo "2675"]
[BlackElo "2384"]
[Result "1-0"]
[Round "5"]
[TimeControl "180+1"]
[Date "2023.11.07"]
[WhiteClock "0:00:32"]
[BlackClock "0:00:00"]
[Board "162"]

1. d4 Nf6 2. c4 g6 3. Nc3 Bg7 4. e4 d6 5. Be2 O-O 6. Nf3 e5 7. O-O Bg4 8. Be3 Nc6 9. d5 Ne7 10. Ne1 Bd7 11. c5 Ne8 12. a4 f5 13. f3 f4 14. Bf2 g5 15. a5 Ng6 16. cxd6 Nxd6 17. Nd3 h5 18. Nc5 Bc8 19. Ne6 Bxe6 20. dxe6 Qe8 21. Qb3 Kh7 22. a6 b6 23. Rac1 c6 24. Rfd1 Rd8 25. Rd2 Rf6 26. Rcd1 Qxe6 27. Qa3 Qe7 28. b4 Bf8 29. b5 Qc7 30. Qb3 Kg7 31. bxc6 Qxc6 32. Nd5 Rf7 33. Rc2 Qd7 34. Rc7 Qe6 35. Rdc1 Rxc7 36. Rxc7+ Kh6 37. Rxa7 Rd7 38. Rxd7 Qxd7 39. Qxb6 Nc8 40. Qb7 Qe6 41. a7 Nxa7 42. Qxa7 g4 43. Qb6 Qc8 44. Qc7 Qa8 45. Qc1 Qa4 46. Bf1 gxf3 47. gxf3 Qb3 48. Kg2 h4 49. h3 Qb7 50. Qc7 Qb2 51. Nf6 Bg7 52. Ng4+ Kh7 53. Qf7 Qb4 54. Bc4 1-0


[Site "https://www.chess.com"]

[Event "Titled Tuesday Blitz November 07 Early 2023"]
[White "Piesik, Piotr"]
[Black "Slovineanu, Viacheslav"]
[WhiteFideId "1136194"]
[BlackFideId "13900510"]
[WhiteElo "2663"]
[BlackElo "2384"]
[Result "1/2-1/2"]
[Round "5"]
[TimeControl "180+1"]
[Date "2023.11.07"]
[WhiteClock "0:00:41"]
[BlackClock "0:00:06"]
[Board "163"]

1. Nf3 d5 2. g3 Nd7 3. Bg2 e5 4. d3 Ngf6 5. O-O Bd6 6. Nbd2 O-O 7. e4 dxe4 8. dxe4 Re8 9. Qe2 a5 10. Rd1 Qe7 11. Nc4 Bc5 12. Ne3 Bxe3 13. Qxe3 b6 14. b3 Bb7 15. Nd2 Qc5 16. Qxc5 Nxc5 17. f3 Nfd7 18. Bb2 f6 19. Bh3 Red8 20. Nc4 Ba6 21. Bf1 Kf7 22. Ne3 Bxf1 23. Kxf1 Nf8 24. Ke2 Nfe6 25. c3 Rxd1 26. Rxd1 Rd8 27. Rxd8 Nxd8 28. Ba3 Nd7 29. h4 g6 30. Kd3 Ne6 31. Kc4 c6 32. Kd3 b5 33. Bd6 Nec5+ 34. Kc2 Ke6 35. Bc7 a4 36. b4 Nb7 37. c4 Nf8 38. f4 exf4 39. gxf4 Nd6 40. Bxd6 Kxd6 41. c5+ Ke7 42. Kd3 Ne6 43. f5 Nf4+ 44. Kd2 g5 45. hxg5 fxg5 46. e5 h5 47. a3 g4 48. Ke1 g3 49. Kf1 h4 50. Ng2 Nxg2 51. Kxg2 Kf7 52. Kh3 Ke7 53. Kg2 Kf7 54. Kf3 Ke7 55. f6+ Ke6 56. Kg2 Kf7 57. Kh3 Ke6 58. Kg2 Kf7 59. Kh3 Ke6 60. Kg2 1/2-1/2


[Site "https://www.chess.com"]

[Event "Titled Tuesday Blitz November 07 Early 2023"]
[White "Dwilewicz, Katarzyna"]
[Black "Mendez Fortes, Eduardo Jesus"]
[WhiteFideId "1148486"]
[BlackFideId "3502376"]
[WhiteElo "2379"]
[BlackElo "2648"]
[Result "0-1"]
[Round "5"]
[TimeControl "180+1"]
[Date "2023.11.07"]
[WhiteClock "0:00:00"]
[BlackClock "0:00:12"]
[Board "164"]

1. e4 c5 2. Be2 Nc6 3. f4 g6 4. Nf3 Bg7 5. O-O d6 6. c3 e5 7. d3 Nge7 8. Be3 O-O 9. fxe5 Nxe5 10. Nxe5 Bxe5 11. Nd2 Bg7 12. Qe1 b6 13. Qh4 Nc6 14. Bg5 f6 15. Be3 Qe7 16. Rae1 Be6 17. a3 Rae8 18. h3 f5 19. Bg5 Qd7 20. Bf3 Ne5 21. exf5 Nxf3+ 22. Nxf3 Bxf5 23. Be7 Rf7 24. Bg5 Bxd3 25. Rxe8+ Qxe8 26. Re1 Qd7 27. Bd2 Bf5 28. Ng5 Bf6 29. Qh6 Re7 30. Rf1 Re2 31. Bc1 Qg7 32. Qxg7+ Kxg7 33. Rf2 Re1+ 34. Rf1 Rxf1+ 35. Kxf1 d5 36. Nf3 h6 37. Ke2 g5 38. g4 Be4 39. Ng1 d4 40. cxd4 cxd4 41. Nf3 d3+ 42. Ke3 Bg6 43. b4 Kf7 44. Ne1 Ke6 45. Nxd3 Kd5 46. Bd2 Kc4 47. Nc1 Bd4+ 48. Ke2 Be4 49. Be1 Bb2 50. Na2 Kb3 51. Ke3 Bg6 0-1


[Site "https://www.chess.com"]

[Event "Titled Tuesday Blitz November 07 Early 2023"]
[White "EvgenyBurmakin"]
[Black "Herzog2012"]
[WhiteElo "2371"]
[BlackElo "2569"]
[Result "0-1"]
[Round "5"]
[TimeControl "180+1"]
[Date "2023.11.07"]
[WhiteClock "0:00:06"]
[BlackClock "0:00:07"]
[Board "165"]

1. e4 c5 2. Nc3 Nc6 3. Bb5 g6 4. Bxc6 dxc6 5. f4 Bg7 6. Nf3 Nf6 7. O-O O-O 8. d3 b6 9. Qe1 Bg4 10. Qh4 Bxf3 11. Rxf3 Qd7 12. f5 c4 13. e5 Nd5 14. Nxd5 Qxd5 15. f6 exf6 16. exf6 Bh8 17. Bg5 cxd3 18. cxd3 Rfe8 19. Rh3 h5 20. Rf1 Re2 21. Rg3 Rae8 22. Qf4 Qc5+ 23. d4 Qd5 24. Bh6 R2e4 25. Qf3 Qxd4+ 26. Kh1 Qxf6 27. Qxf6 Bxf6 28. Rgf3 Bxb2 29. Rxf7 Re1 30. h3 Rxf1+ 31. Rxf1 Bg7 32. Bg5 Re2 33. a4 b5 34. axb5 cxb5 35. Rb1 Rb2 36. Rc1 b4 37. Rc8+ Kh7 38. Rc7 Rb1+ 39. Kh2 Kg8 40. Rc8+ Kf7 41. Rc7+ Kf8 42. Rc8+ Kf7 43. Rc7+ Kg8 44. Rc8+ Bf8 45. Be7 Rf1 46. Bxb4 Kg7 47. Rc7+ Kh6 48. Bd2+ g5 49. Rxa7 Bd6+ 50. g3 Rf2+ 51. Kg1 Rxd2 52. Ra6 h4 53. gxh4 gxh4 54. Kh1 Kh5 55. Ra5+ Kg6 56. Ra7 Rh2+ 57. Kg1 Rxh3 58. Ra6 Rd3 59. Kf2 Rd5 60. Kg2 Kg5 61. Kh3 Rd3+ 62. Kg2 h3+ 63. Kg1 Rd1+ 64. Kf2 h2 65. Ra5+ Kg6 66. Ra3 h1=Q 67. Rg3+ Bxg3+ 68. Kxg3 Rf1 69. Kg4 Qh5+ 70. Kg3 Rf3+ 71. Kg2 Qh3+ 72. Kg1 Rf1# 0-1


[Site "https://www.chess.com"]

[Event "Titled Tuesday Blitz November 07 Early 2023"]
[White "Spichkin, Alexander"]
[Black "Derjabin, Ilja"]
[WhiteFideId "4144074"]
[BlackFideId "14104768"]
[WhiteElo "2359"]
[BlackElo "2550"]
[Result "0-1"]
[Round "5"]
[TimeControl "180+1"]
[Date "2023.11.07"]
[WhiteClock "0:01:21"]
[BlackClock "0:00:49"]
[Board "166"]

1. f4 g6 2. Nf3 Bg7 3. d3 d5 4. e3 c5 5. Be2 Nc6 6. O-O Nh6 7. Qe1 O-O 8. c3 d4 9. cxd4 cxd4 10. e4 Ng4 11. h3 Ne3 12. Bxe3 dxe3 13. Nc3 Nd4 14. Nxd4 Qxd4 15. e5 Bf5 16. Rd1 Rfd8 17. Kh1 Rac8 18. Bf3 b6 19. Ne4 Qxb2 20. Qxe3 Qxa2 21. Ng3 Be6 22. d4 Bh6 23. Rd2 Qb3 24. Qxb3 Bxb3 25. Be4 a5 26. d5 a4 27. d6 exd6 28. exd6 Bf8 29. d7 Rc7 30. f5 Rcxd7 31. Rdf2 Bc5 32. Rf3 Rd1 33. fxg6 Rxf1+ 34. Rxf1 hxg6 35. Ne2 Bc4 36. Bf3 Rd2 37. Re1 Bf2 38. Rf1 Bxe2 39. Rxf2 Rd1+ 40. Kh2 Bxf3 41. Rxf3 b5 42. Kg3 b4 43. Rf4 Rb1 44. Rf6 a3 45. Ra6 Rb2 46. Kf3 a2 47. Ke3 b3 48. Kd3 Rb1 0-1


[Site "https://www.chess.com"]

[Event "Titled Tuesday Blitz November 07 Early 2023"]
[White "Womacka, Mathias"]
[Black "Vigoa Apecheche, Yanira"]
[WhiteFideId "4611390"]
[BlackFideId "3507041"]
[WhiteElo "2543"]
[BlackElo "2358"]
[Result "0-1"]
[Round "5"]
[TimeControl "180+1"]
[Date "2023.11.07"]
[WhiteClock "0:00:00"]
[BlackClock "0:00:18"]
[Board "167"]

1. e4 c5 2. Nf3 Nc6 3. d4 cxd4 4. Nxd4 Nf6 5. Nc3 e5 6. Ndb5 d6 7. Bg5 a6 8. Na3 Be6 9. Nc4 Rc8 10. Nd5 Bxd5 11. Bxf6 gxf6 12. Qxd5 Nd4 13. Bd3 b5 14. Ne3 Qb6 15. c3 Ne6 16. g3 h5 17. O-O h4 18. a4 hxg3 19. hxg3 Rg8 20. Bc2 Nf4 21. Qd2 Bh6 22. axb5 Ne6 23. Rxa6 Qc5 24. Rc6 Rxc6 25. bxc6 Rxg3+ 26. Kh2 Rg8 27. c7 Bf4+ 28. Kh1 Qxc7 29. Nd5 Qc8 0-1


[Site "https://www.chess.com"]

[Event "Titled Tuesday Blitz November 07 Early 2023"]
[White "Czopor, Maciej"]
[Black "Fajdetic, Hrvoje"]
[WhiteFideId "21805431"]
[BlackFideId "14501945"]
[WhiteElo "2523"]
[BlackElo "2349"]
[Result "1-0"]
[Round "5"]
[TimeControl "180+1"]
[Date "2023.11.07"]
[WhiteClock "0:00:54"]
[BlackClock "0:00:00"]
[Board "168"]

1. c4 f5 2. Nc3 e5 3. d4 e4 4. Nh3 Nf6 5. Bf4 d5 6. e3 c6 7. cxd5 cxd5 8. Qb3 a6 9. Bg5 Be6 10. Nf4 Bf7 11. Qxb7 Nbd7 12. Bxf6 Nxf6 13. Qc6+ Ke7 14. Bxa6 Rb8 15. O-O Rb6 16. Qc5+ Qd6 17. Bb5 g5 18. Nfe2 Ke6 19. Qc8+ Ke7 20. Qxf5 Bg7 21. Ng3 h6 22. Qe5+ Qxe5 23. dxe5 Ng4 24. Nf5+ Kf8 25. Nxg7 Kxg7 26. a4 Nxe5 27. a5 Rbb8 28. Rfd1 Rhd8 29. a6 Ra8 30. a7 Kf6 31. Nxe4+ dxe4 32. Rxd8 Rxd8 33. a8=Q Rxa8 34. Rxa8 Bc4 35. Ra6+ Kf5 36. Bxc4 Nxc4 37. Rxh6 Nxb2 38. h4 gxh4 39. Rxh4 Nd3 40. Rh8 Ke5 41. Rf8 Nc5 42. g4 Nd3 43. Kg2 Ne1+ 44. Kg3 Nc2 45. g5 Nb4 46. g6 Nd5 47. g7 1-0


[Site "https://www.chess.com"]

[Event "Titled Tuesday Blitz November 07 Early 2023"]
[White "Bazilius, Augustinas"]
[Black "secrethawk1"]
[WhiteFideId "12832251"]
[WhiteElo "2511"]
[BlackElo "2346"]
[Result "0-1"]
[Round "5"]
[TimeControl "180+1"]
[Date "2023.11.07"]
[WhiteClock "0:00:00"]
[BlackClock "0:00:47"]
[Board "169"]

1. d4 Nf6 2. c4 e6 3. Nf3 b6 4. g3 Bb7 5. Bg2 Be7 6. O-O O-O 7. Nc3 Ne4 8. Qc2 f5 9. Rd1 Nxc3 10. Qxc3 a5 11. d5 exd5 12. cxd5 d6 13. Nd4 Bf6 14. Qc2 Bxd4 15. Rxd4 Nd7 16. Bf4 Nc5 17. Rc1 Qf6 18. Be3 Rfe8 19. a3 a4 20. Rf4 g6 21. Bxc5 bxc5 22. e4 Ba6 23. Bf3 Qe5 24. Kg2 fxe4 25. Rxe4 Qf6 26. Rf4 Qg5 27. Qxa4 Bf1+ 28. Rxf1 Rxa4 29. Rxa4 Qd2 30. b4 Rf8 31. bxc5 Qc2 32. Re4 Rxf3 33. Kxf3 Qd3+ 34. Re3 Qxf1 35. Re4 Qd3+ 36. Re3 Qxd5+ 37. Ke2 Qxc5 38. Rc3 Qxc3 0-1


[Site "https://www.chess.com"]

[Event "Titled Tuesday Blitz November 07 Early 2023"]
[White "Kotlyar, Kirill"]
[Black "Iunusovnuriddin"]
[WhiteFideId "24145599"]
[WhiteElo "2511"]
[BlackElo "2341"]
[Result "1-0"]
[Round "5"]
[TimeControl "180+1"]
[Date "2023.11.07"]
[WhiteClock "0:00:06"]
[BlackClock "0:00:00"]
[Board "170"]

1. d4 Nf6 2. c4 g6 3. e3 Bg7 4. Nf3 O-O 5. Be2 d5 6. O-O dxc4 7. Bxc4 c5 8. Nc3 Nc6 9. dxc5 Qa5 10. a3 Qxc5 11. Qe2 Bg4 12. b4 Qh5 13. h3 Ne5 14. hxg4 Nfxg4 15. Rd1 Nxf3+ 16. Qxf3 Bxc3 17. Rb1 Qh2+ 18. Kf1 Ne5 19. Qe4 Rac8 20. Bb3 Qh1+ 21. Ke2 Qh5+ 22. f3 Qg5 23. Kf2 Qf6 24. Bd2 Bxd2 25. Rxd2 Nc6 26. Bd1 Rfd8 27. Rbb2 Qc3 28. Rdc2 Qxa3 29. Be2 e6 30. b5 Na5 31. Ra2 Rxc2 32. Rxa3 Rdd2 33. Qxc2 Rxc2 34. Rxa5 a6 35. bxa6 bxa6 36. Rxa6 h5 37. e4 Kg7 38. Ke3 Kf6 39. Ra5 h4 40. Ra8 Kg5 41. f4+ Kf6 42. e5+ Kg7 43. Bf3 Rc3+ 44. Ke4 Rc4+ 45. Ke3 Rb4 46. Rd8 Ra4 47. Rd4 Ra3+ 48. Kf2 Ra2+ 49. Kg1 Ra8 50. Bxa8 1-0


[Site "https://www.chess.com"]

[Event "Titled Tuesday Blitz November 07 Early 2023"]
[White "HeroRubiksCube"]
[Black "Topalov, Aleksandar"]
[BlackFideId "925659"]
[WhiteElo "2509"]
[BlackElo "2338"]
[Result "1-0"]
[Round "5"]
[TimeControl "180+1"]
[Date "2023.11.07"]
[WhiteClock "0:01:40"]
[BlackClock "0:00:05"]
[Board "171"]

1. e4 e6 2. d4 d5 3. Nc3 Bb4 4. e5 Qd7 5. Bd2 b6 6. Nce2 Bf8 7. Nf3 Ba6 8. c3 Ne7 9. Ng3 Bxf1 10. Nxf1 Nf5 11. Ne3 Nxe3 12. Bxe3 c5 13. O-O Nc6 14. a3 Be7 15. b4 O-O 16. Qd2 cxd4 17. cxd4 b5 18. Bg5 Bxg5 19. Qxg5 a5 20. Qd2 axb4 21. axb4 Qe7 22. Rab1 Ra4 23. Rfc1 Nxb4 24. Rc5 Na6 25. Rcxb5 h6 26. h4 Rd8 27. Rb7 Rd7 28. R7b6 Rd8 29. g3 Rd7 30. Kg2 Rd8 31. h5 Rd7 32. Qc2 Ra3 33. Rxa6 Rxa6 34. Qc8+ Qd8 35. Qxa6 1-0


[Site "https://www.chess.com"]

[Event "Titled Tuesday Blitz November 07 Early 2023"]
[White "Seletsky, Grigory"]
[Black "Samaganova, Aleksandra"]
[WhiteFideId "14112191"]
[BlackFideId "13800221"]
[WhiteElo "2508"]
[BlackElo "2335"]
[Result "1-0"]
[Round "5"]
[TimeControl "180+1"]
[Date "2023.11.07"]
[WhiteClock "0:00:53"]
[BlackClock "0:00:00"]
[Board "172"]

1. d4 Nf6 2. Nc3 e6 3. e4 d5 4. e5 Nfd7 5. f4 c5 6. Nf3 Nc6 7. Be3 Rb8 8. Qd2 a6 9. Be2 g6 10. O-O b5 11. dxc5 Bxc5 12. Bxc5 Nxc5 13. Bd3 b4 14. Ne2 a5 15. Qe3 Qb6 16. Ned4 Nxd3 17. cxd3 Ba6 18. Rac1 Ne7 19. Rfd1 O-O 20. Kf2 Rfc8 21. Ke2 Rxc1 22. Rxc1 Rc8 23. g4 a4 24. Rxc8+ Nxc8 25. Qc1 b3 26. axb3 axb3 27. Qc3 Na7 28. Qxb3 Qc7 29. Qc3 Qb6 30. b4 Kg7 31. g5 h6 32. h4 hxg5 33. hxg5 Nb5 34. Qc5 Qb7 35. Nxb5 Bxb5 36. Nd4 Ba4 37. b5 Qa8 38. Qb4 Qh8 39. Qxa4 Qh2+ 40. Kd1 Qg1+ 41. Kc2 Qf2+ 42. Kb3 Qe1 43. Nc2 Qb1+ 44. Kc3 Kh7 45. Qb4 Qc1 46. Qd4 Qb1 47. b6 1-0


[Site "https://www.chess.com"]

[Event "Titled Tuesday Blitz November 07 Early 2023"]
[White "Rose, Felix"]
[Black "topce"]
[WhiteFideId "5105722"]
[WhiteElo "2327"]
[BlackElo "2508"]
[Result "0-1"]
[Round "5"]
[TimeControl "180+1"]
[Date "2023.11.07"]
[WhiteClock "0:00:00"]
[BlackClock "0:02:39"]
[Board "173"]

1. e4 c5 2. Nf3 Nc6 3. d4 cxd4 4. Nxd4 e5 5. Nb5 d6 6. N1c3 a6 7. Na3 b5 8. Nd5 Nge7 9. c4 Nxd5 10. cxd5 Nd4 11. Be3 g6 12. Be2 Bg7 13. O-O O-O 14. Nc2 Nxc2 15. Qxc2 Bd7 16. Rfc1 f5 17. f3 fxe4 18. fxe4 Qh4 19. Bf3 Bh6 20. Bxh6 Qxh6 21. Qe2 Rac8 22. Rxc8 Rxc8 23. Qd1 Qe3+ 24. Kh1 Rc5 25. h3 h5 26. Kh2 h4 27. Qe1 Qf4+ 28. Kh1 Rc2 29. b3 Bxh3 0-1


[Site "https://www.chess.com"]

[Event "Titled Tuesday Blitz November 07 Early 2023"]
[White "Ahmad, Khagan"]
[Black "Fernandez Garcia, Gumersindo"]
[WhiteFideId "13431552"]
[BlackFideId "24516740"]
[WhiteElo "2502"]
[BlackElo "2323"]
[Result "1-0"]
[Round "5"]
[TimeControl "180+1"]
[Date "2023.11.07"]
[WhiteClock "0:00:07"]
[BlackClock "0:00:06"]
[Board "174"]

1. Nf3 Nf6 2. c4 e6 3. g3 d5 4. d4 Be7 5. Bg2 O-O 6. O-O dxc4 7. Qc2 b6 8. Qxc4 Bb7 9. Nc3 Nbd7 10. Rd1 c5 11. dxc5 Bxc5 12. Bg5 Qe7 13. Qh4 Rad8 14. Nd2 Bxg2 15. Kxg2 h6 16. Bxf6 Qxf6 17. Qxf6 Nxf6 18. Nde4 Nxe4 19. Nxe4 Bd4 20. Rab1 f5 21. Nd2 Kf7 22. Nf3 Bf6 23. Rxd8 Rxd8 24. Rc1 Rd7 25. b3 e5 26. Rc2 e4 27. Nd2 g6 28. e3 b5 29. a3 Be7 30. a4 bxa4 31. bxa4 Ke6 32. Nb3 Rb7 33. Nd4+ Kd5 34. Rc6 Bd6 35. Ra6 h5 36. h4 Bc5 37. Nb5 Bb6 38. a5 Bxe3 39. Nc3+ Kc4 40. Rc6+ Kb4 41. fxe3 Rd7 42. Ne2 Rd2 43. Kf2 Kxa5 44. Rxg6 Kb5 45. Rg5 a5 46. Rxf5+ Kb4 47. Rxh5 a4 48. Rh8 a3 49. Rb8+ Kc4 50. Ra8 Kb3 51. h5 Kb2 52. h6 a2 53. h7 1-0


[Site "https://www.chess.com"]

[Event "Titled Tuesday Blitz November 07 Early 2023"]
[White "Khater, Sherif"]
[Black "Fernandez Siles, Luis"]
[WhiteFideId "2034280"]
[BlackFideId "2209420"]
[WhiteElo "2492"]
[BlackElo "2323"]
[Result "1-0"]
[Round "5"]
[TimeControl "180+1"]
[Date "2023.11.07"]
[WhiteClock "0:00:11"]
[BlackClock "0:00:02"]
[Board "175"]

1. e4 c5 2. Nc3 g6 3. g3 Bg7 4. Bg2 Nc6 5. Nge2 Nf6 6. d3 O-O 7. f4 d6 8. O-O Rb8 9. h3 Nd4 10. Nxd4 cxd4 11. Ne2 Nd7 12. h4 f5 13. h5 e6 14. hxg6 hxg6 15. c3 dxc3 16. bxc3 Nf6 17. Qb3 Ng4 18. Nd4 Qf6 19. Bb2 g5 20. exf5 Qh6 21. Nf3 gxf4 22. fxe6 Bxe6 23. c4 fxg3 24. Bxg7 Kxg7 25. Qb2+ Kg8 26. Rae1 Nf2 27. Rxf2 gxf2+ 28. Qxf2 Bf5 29. Qg3+ Qg6 30. Qxg6+ Bxg6 31. Ng5 Rbe8 32. Bd5+ Kh8 33. Rb1 b6 34. Rb2 Rf5 35. Rh2+ Kg7 36. Ne6+ Kf6 37. Nd4 Re1+ 38. Kg2 Rg5+ 39. Kf3 Ra1 40. Ke3 Re1+ 41. Kd2 Ra1 42. Rf2+ Ke7 43. Nc6+ Kd7 44. Kc3 Rg3 45. Rd2 Rc1+ 46. Kd4 Rf1 47. Rh2 Rf4+ 48. Kc3 Rxd3+ 49. Kb4 a5+ 50. Kb5 Be8 51. Kxb6 Rxd5 52. cxd5 Rb4+ 53. Nxb4 axb4 54. Rh7+ Kd8 55. Rh4 1-0


[Site "https://www.chess.com"]

[Event "Titled Tuesday Blitz November 07 Early 2023"]
[White "Minina, Veronika"]
[Black "Rama, Tejas"]
[WhiteFideId "4174780"]
[BlackFideId "30907381"]
[WhiteElo "2318"]
[BlackElo "2488"]
[Result "0-1"]
[Round "5"]
[TimeControl "180+1"]
[Date "2023.11.07"]
[WhiteClock "0:00:00"]
[BlackClock "0:00:17"]
[Board "176"]

1. Nf3 Nf6 2. g3 g5 3. d4 h6 4. c4 Bg7 5. Nc3 d5 6. cxd5 Nxd5 7. Bg2 Nxc3 8. bxc3 c5 9. O-O O-O 10. e4 cxd4 11. cxd4 Nc6 12. Be3 g4 13. Nh4 Nxd4 14. Rb1 Be6 15. Rxb7 h5 16. a4 Bc4 17. Re1 e6 18. h3 Ba6 19. Rb1 Nc6 20. hxg4 Qxd1 21. Rexd1 hxg4 22. Rd6 Rac8 23. e5 Nb8 24. Bxa7 Bxe5 25. Bxb8 Rxb8 26. Rxb8 Bxd6 27. Rb6 Bc5 28. Rxa6 Rb8 29. Bf1 Rb2 30. Ra8+ Kg7 31. Bb5 Bxf2+ 32. Kf1 Bxg3 33. Ng2 Rf2+ 34. Kg1 Rb2 35. Ne3 Bf2+ 36. Kf1 Bxe3 37. Be8 g3 0-1


[Site "https://www.chess.com"]

[Event "Titled Tuesday Blitz November 07 Early 2023"]
[White "Buchenau, Frank"]
[Black "Ardila, Oscar Humberto"]
[WhiteFideId "4604350"]
[BlackFideId "4404742"]
[WhiteElo "2483"]
[BlackElo "2311"]
[Result "0-1"]
[Round "5"]
[TimeControl "180+1"]
[Date "2023.11.07"]
[WhiteClock "0:00:00"]
[BlackClock "0:00:28"]
[Board "177"]

1. e4 e5 2. Bc4 Nf6 3. d3 Bc5 4. Nf3 d6 5. O-O Be6 6. Bxe6 fxe6 7. c3 O-O 8. d4 exd4 9. cxd4 Bb6 10. Nc3 c6 11. e5 dxe5 12. dxe5 Qxd1 13. Rxd1 Nd5 14. Ne4 Nd7 15. Bd2 Nc5 16. Nxc5 Bxc5 17. Rac1 Bb6 18. Rc4 Rf5 19. Re1 Raf8 20. Re2 h6 21. h4 Kh7 22. Rg4 g6 23. a4 a6 24. b4 Nf4 25. Bxf4 Rxf4 26. Re4 Rxe4 27. Rxe4 Rd8 28. Rf4 Kg7 29. Rf6 Re8 30. Kf1 Bd8 31. Rf4 Rf8 32. Rd4 Bb6 33. Rd6 Rd8 34. Rxe6 Kf7 35. Rf6+ Kg7 36. Rd6 Kf7 37. Rxd8 Bxd8 38. Ke2 Ke6 39. Ke3 Kd5 40. Kd3 Be7 41. g3 Bxb4 42. Ke3 Bc5+ 43. Kf4 Bxf2 44. h5 gxh5 45. Kf5 b5 46. e6 Bc5 47. axb5 cxb5 48. Ne5 b4 49. Nd3 Be7 50. Nf4+ Kc4 51. Ke5 b3 52. Nd5 Bc5 0-1


[Site "https://www.chess.com"]